 Dungeon Crawl Stone Soup version 0.24.0-13-gcf9b319 (webtiles) character file.

Game seed: 11964100425332896274, levelgen mode: deterministic

77 Boetheseconed the Chucker (level 4, 0/36 HPs)
             Began as a Minotaur Wanderer on Dec 11, 2019.
             Slain by a goblin
             ... wielding a +0 club
             ... led by Robin
              (5 damage)
             ... on level 3 of the Dungeon.
             The game lasted 00:06:37 (1683 turns).

Boetheseconed the Chucker (Minotaur Wanderer)       Turns: 1683, Time: 00:06:38

Health: 0/36       AC:  2    Str: 22    XL:     4   Next: 13%
Magic:  5/5        EV: 11    Int:  7    God:
Gold:   63         SH:  0    Dex:  7    Spells: 5/5 levels left

rFire    + . .     SeeInvis .   r - +0 battleaxe
rCold    . . .     Gourm    .   (shield currently unavailable)
rNeg     . . .     Faith    .   l - -1 leather armour (curse)
rPois    .         Spirit   .   (helmet restricted)
rElec    .         Reflect  .   (no cloak)
rCorr    .         Harm     .   (no gloves)
MR       .....                  (no boots)
Stlth    +.........             n - amulet of regeneration
HPRegen  0.12/turn              c - ring of protection from fire
MPRegen  0.09/turn              (no ring)

@: hasted, very quick
A: retaliatory headbutt, horns 2
a: no special abilities


You were on level 3 of the Dungeon.
You were not hungry.

You visited 1 branch of the dungeon, and saw 3 of its levels.

You collected 63 gold pieces.

Inventory:

Hand Weapons
 a - a +2 falchion
 b - a +0 short sword
 j - a cursed +0 hunting sling
 r - a +0 battleaxe (weapon)
Missiles
 i - 5 boomerangs (quivered)
Armour
 d - a +0 robe
 e - a +0 plate armour
 k - a +1 helmet
 l - a cursed -1 leather armour (worn)
Jewellery
 c - a ring of protection from fire (left hand)
 n - an amulet of regeneration (around neck)
 o - an uncursed ring of positive energy
Scrolls
 g - 2 scrolls of teleportation
 m - a scroll of identify
Potions
 p - a potion of flight {unknown}
Comestibles
 f - 6 rations
 q - 2 chunks of flesh


   Skills:
 + Level 1.7 Fighting
 + Level 2.1 Long Blades
 + Level 3.1 Throwing
 + Level 1.3 Armour
 + Level 0.4 Dodging
 + Level 1.1 Stealth
 + Level 1.4 Spellcasting
   Level 2.9 Air Magic


You had 5 spell levels left.
You didn't know any spells.
Your spell library was empty.

Dungeon Overview and Level Annotations

Branches:
Dungeon (3/15)

Altars:

Annotations:
D:3 Robin


Innate Abilities, Weirdness & Mutations

You reflexively headbutt those who attack you in melee.
You have a pair of horns on your head.


Message History

The goblins go into a battle-frenzy!
A goblin comes into view. It is wielding a +0 dagger.
The goblin hits you with a +0 club!
You barely miss the goblin. Your headbutt misses the goblin.
Robin throws the goblin at you! The goblin hits you but does no damage.
The goblin hits you with a +0 dagger.
A hobgoblin comes into view.
You barely miss the goblin. x2; The goblin hits you with a +0 club.
The goblin hits you but does no damage.
A hobgoblin comes into view.
The goblin hits you with a +0 club.
* * * LOW HITPOINT WARNING * * *
The goblin barely misses you.
You closely miss the goblin. You barely miss the goblin.
The goblin closely misses you. The goblin hits you with a +0 dagger.
* * * LOW HITPOINT WARNING * * *
It was a potion of haste.
You feel yourself speed up.
The hobgoblin shouts!
The goblin hits you with a +0 club.
You die...

###
#####.#
#.....#
#.###g#
#.# #@#
#.# #g#
#.# #g#
#.# #g#
#.# #g#
#.# #.#
#.# #g#
#.# #.#
#.#


You could see Robin, 2 hobgoblins and 3 goblins.

Vanquished Creatures
  3 adders (D:2)
  An ooze (D:1)
  2 worms
  2 dart slugs
  5 bats
  A giant cockroach (D:2)
  5 goblins
  7 hobgoblins
  A quokka (D:2)
  A ball python (D:2)
  2 frilled lizards (D:1)
  4 kobolds
  2 rats
36 creatures vanquished.

Notes
Turn   | Place    | Note
-------+----------+-------------------------------------------
     0 | D:1      | Boetheseconed the Minotaur Wanderer began the quest for the
                  | Orb.
     0 | D:1      | Boetheseconed set off with the following items: a +2
                  | falchion, a +0 short sword, a potion of curing, a +0 robe,
                  | a ration
     0 | D:1      | Reached XP level 1. HP: 16/16 MP: 1/1
   269 | D:1      | Reached XP level 2. HP: 19/23 MP: 2/2
   495 | D:1      | Reached skill level 3 in Throwing
   631 | D:2      | Reached XP level 3. HP: 21/28 MP: 3/3
   770 | D:2      | Reached skill level 1 in Armour
  1256 | D:2      | Reached XP level 4. HP: 17/36 MP: 5/5
  1678 | D:3      | Noticed Robin
  1683 | D:3      | Slain by a goblin

Levels and vault maps discovered:
D:1:      wander_arrival_estate, layout_basic, minmay_tree_intersection
D:2:      layout_loops_ring
D:3:      layout_basic, first_ration, uniq_natasha, uniq_robin

Skill      XL: |  1  2  3 |
---------------+----------+-----
Throwing       | 3 |  3.1
Armour         | 1 |  1.3
Long Blades    | 2 |  2.1
Fighting       | |  1.7
Dodging        | |  0.4
Stealth        | |  1.1
Spellcasting   | |  1.4
Air Magic      | |  2.9

Action                   |  1- 3 |  4- 6 || total
-------------------------+-------+-------++-------
Melee: Falchion          |    52 |     6 ||    58
       Headbutt          |     9 |     3 ||    12
       Battleaxe         |       |     4 ||     4
  Use: Scroll            |     6 |       ||     6
       Potion            |     1 |     1 ||     2
 Stab: Sleeping          |     1 |       ||     1
  Eat: Chunk             |       |     2 ||     2
Armor: Leather armour    |    15 |     1 ||    16
       Robe              |     2 |       ||     2
Dodge: Dodged            |    34 |     3 ||    37
       Rpst.: Falchion   |    10 |       ||    10
